AoeStats
← Kebabs&Roses

Yucatan

510343472Analyzed
4v4 RM · 2d ago on Sep 30, 2026· 47m 8s· 8 players
Game mode
Random Map
Map size
Large (8 player)
Population
200
Speed
Normal
Resources
Standard
Victory
Conquest
Starting age
Dark Age
Ending age
Imperial Age
RankedLock teamsTeams togetherTeam positionsShared explorationLock speedFull tech treeHidden civsTurbo modeCheats
Victory
Defeat
🇹🇷 Mapuche · Türkiye
1061
+11
🇨🇿 Italians · Czechia
1002
+14
🇫🇴 Maya · Faroe Islands
960
+15
🇲🇹 Japanese · Malta
944
+16
🇨🇳 Franks · China
970
-15
🇨🇱 Gurjaras · Chile
968
-15
🇺🇸 Teutons · United States
958
-14
🇦🇷 Byzantines · Argentina
909
-12
Zuzujj
10:45 Feudal Age
10:35 Loom
19:00 Castle Age
18:26 Double-Bit Axe
18:23 Horse Collar
19:31 Wheelbarrow
21:17 Fletching
20:50 Crossbowman
21:37 Thumb Ring
22:15 Light Cavalry
26:37 Padded Archer Armor
28:00 Ballistics
32:59 Heavy Plow
37:29 Imperial Age
35:49 Bodkin Arrow
36:10 Leather Archer Armor
37:28 Bow Saw
39:15 Chemistry
38:17 Bracer
39:50 Elite Genoese Crossbowman
42:49 Murder Holes
43:37 Hand Cart
44:00 Ring Archer Armor
liviescu
0:55 Loom
SonniRagz
12:59 Feudal Age
15:22 Man-at-Arms
15:48 Arson
16:53 Horse Collar
17:01 Double-Bit Axe
17:09 Stone Mining
17:09 Gold Mining
21:06 Scale Mail Armor
21:17 Forging
21:05 Fishing Lines
22:53 Wheelbarrow
22:04 Town Watch
22:04 Loom
30:00 Castle Age
31:02 Chain Mail Armor
31:22 Iron Casting
30:15 Long Swordsman
30:56 Squires
30:17 Eagle Warrior
35:19 Gillnets
35:33 Heavy Plow
36:11 Stone Shaft Mining
35:48 Bow Saw
39:35 Imperial Age
39:00 Hand Cart
38:45 Town Patrol
40:36 Coinage
39:40 Elite Eagle Warrior
41:31 Plate Mail Armor
42:02 Blast Furnace
41:28 Guilds
41:48 Banking
42:21 Two-Man Saw
41:54 Crop Rotation
43:32 Conscription
43:43 Holcans
Kebabs&Roses
6:52 Loom
10:32 Feudal Age
12:30 Double-Bit Axe
14:48 Castle Age
14:31 Gold Mining
15:12 Fletching
17:02 Bow Saw
20:06 Bodkin Arrow
22:40 Padded Archer Armor
25:05 Horse Collar
26:01 Gold Shaft Mining
27:37 Ballistics
28:55 Leather Archer Armor
30:14 Wheelbarrow
30:41 Town Watch
31:50 Hand Cart
35:02 Imperial Age
33:01 Malon
32:39 Elite Skirmisher
36:14 Conscription
36:04 Butalmapu
37:23 Chemistry
37:05 Ring Archer Armor
38:16 Elite Bolas Rider
CaroDaddy
5:59 Loom
12:45 Feudal Age
14:39 Double-Bit Axe
15:15 Horse Collar
18:28 Castle Age
19:37 Wheelbarrow
18:57 Stone Mining
19:00 Gold Mining
19:40 Husbandry
19:59 Bow Saw
19:52 Heavy Plow
23:18 Elite Skirmisher
26:14 Elite Skirmisher
29:04 Pikeman
29:44 Squires
31:13 Hand Cart
31:56 Murder Holes
Don Wea
10:50 Feudal Age
10:38 Loom
14:40 Castle Age
14:26 Double-Bit Axe
24:55 Horse Collar
25:27 Bow Saw
25:09 Gold Mining
25:09 Stone Mining
26:50 Gold Shaft Mining
26:52 Stone Shaft Mining
26:20 Heavy Plow
27:28 Wheelbarrow
27:25 Treadmill Crane
30:44 Imperial Age
28:50 Hand Cart
28:59 Ballistics
28:30 Fletching
28:40 Padded Archer Armor
29:19 Bodkin Arrow
30:08 Kshatriyas
30:38 Thumb Ring
31:15 Husbandry
31:25 Bloodlines
31:35 Leather Archer Armor
30:56 Elite Chakram Thrower
31:56 Conscription
31:59 Frontier Guards
31:41 Bracer
32:50 Chemistry
32:18 Elite Elephant Archer
35:51 Fortified Wall
35:51 Masonry
kingjohnkk
1:27 Loom
2:57 Loom
11:36 Feudal Age
13:04 Wheelbarrow
12:17 Double-Bit Axe
13:37 Town Watch
哥特近卫军
1:55 Loom
12:24 Feudal Age
20:34 Castle Age
21:16 Double-Bit Axe
25:08 Husbandry
25:17 Scale Barding Armor
40:29 Imperial Age
40:37 Forging
44:18 Town Watch
45:07 Conscription
44:23 Cavalier
45:47 Gold Mining
Connection lost

Rejoining the realm…

Still unreachable

The connection could not be restored.

Session expired

The server has moved on; the page needs a fresh start.